 Dungeon Sprint DCSS version 0.30-a0-42-g806c11bf1d (webtiles) character file.

Game seed: 16302435455319253520

3731 mhtbhm the Eclecticist (level 9, -4/44 (46) HPs)
             Began as a Deep Elf Earth Elementalist on Aug 31, 2022.
             Was a High Priest of Vehumet.
             Killed from afar by an orc sorcerer (30 damage)
             ... with a bolt of fire
             ... in the Dungeon (Sprint III: "The Ten Rune Challenge").
             The game lasted 00:03:41 (1349 turns).

mhtbhm the Eclecticist (DEEE)                       Turns: 1349, Time: 00:03:42

HP:   -4/44 (46)    AC:  3    Str:  5    XL:     9   Next: 92%
MP:   32/34         EV: 15    Int: 25    God:    Vehumet [*****.]
Gold: 28            SH:  0    Dex: 15    Spells: 34/46 levels left

rFire   . . .      SeeInvis .    (no weapon)
rCold   . . .      Faith    .    (no shield)
rNeg    . . .      Spirit   .    a - +0 robe
rPois   .          Reflect  .    (helmet restricted)
rElec   .          Harm     .    (no cloak)
rCorr   .          Rampage  .    (no gloves)
Will    .....      NoTele   +    m - +0 pair of boots
Stlth   +++.......               (no amulet)
HPRegen 0.14/turn                (no ring)
MPRegen 0.24/turn                (no ring)

@: lightly drained
A: horns 1, wild magic 1
a: Renounce Religion


You were in the Dungeon.
You worshipped Vehumet.
Vehumet was extremely pleased with you.
You visited 1 branch You collected 28 gold pieces.

Inventory:

Armour
 a - a +0 robe (worn)
 m - a +0 pair of boots (worn)
Scrolls
 h - 3 scrolls of identify {unknown}
 i - a scroll of fear {unknown}
 j - a scroll of poison {unknown}
 l - a scroll of immolation {unknown}
Potions
 b - 3 potions of magic
 c - 4 potions of curing
 d - a potion of mutation
 e - a potion of haste
 f - 2 potions of berserk rage
 k - 2 potions of flight
Miscellaneous
 n - a condenser vane (inert)


   Skills:
 + Level 0.7 Fighting
 + Level 6.4 Dodging
 + Level 5.6 Stealth
 + Level 19.4 Spellcasting
 + Level 5.3 Conjurations
 + Level 1.4 Transmutations
 + Level 16.9 Earth Magic
 + Level 0.9 Evocations


You had 34 spell levels left.
You knew the following spells:

 Your Spells              Type           Power      Damage    Failure   Level
a - Sandblast             Erth           100%       2d20      1%          1
b - Passwall              Tmut/Erth      61%        N/A       1%          2
c - Stone Arrow           Conj/Erth      100%       3d13      1%          3
d - Petrify               Tmut/Erth      74%        N/A       1%          4
e - Scorch                Fire           62%        2d8       1%          2

Your spell library contained the following spells:

 Spells                   Type           Power      Damage    Failure   Level
 Freezing Cloud           Conj/Ice/Air   21%        6-21      10%         5
 Iskenderun's Battlesphe  Conj           61%        2d11      2%          5
 Sublimation of Blood     Necr           31%        N/A       4%          2
 Irradiate                Conj/Tmut      26%        3d20      5%          5
 Fireball                 Conj/Fire      24%        3d11      7%          5
 Conjure Ball Lightning   Conj/Air       24%        3x3d7     28%         6
 Orb of Destruction       Conj           30%        9d10      45%         7


Dungeon Overview and Level Annotations

Branches:
Dungeon (1/1)

Altars:
Cheibriados
Dithmenos
Elyvilon
Fedhas
Gozag
Hepliaklqana
Kikubaaqudgha
Makhleb
Nemelex Xobeh
Okawaru
Qazlal
Ru
Sif Muna
Trog
Uskayaw
Vehumet
Wu Jian
Xom
Yredelemnul
Zin
The Shining One
Jiyva
Lugonu

Shops:
D :


Innate Abilities, Weirdness & Mutations

You have a pair of small horns on your head.
Your spells are a little harder to cast, but a little more powerful.


Message History

Press: ? - help, Shift-Dir - straight line, f/p - orc priest
Aim: an orc priest, wielding a +0 dagger (poison gas, heavily wounded, very poisoned, 85% to hit)
The blast of sand hits the orc priest!!
You kill the orc priest!
Vehumet accepts your kill. x2
You feel a bit more experienced. The orc sorcerer misses you.
The orc warrior is engulfed in poison gas.
The orc warrior looks even sicker.
The orc priest is engulfed in poison gas.
The orc priest looks as sick as possible!
You kill the orc priest!
Vehumet accepts your kill.
Unknown command.
Casting: Sandblast (safe; 1% risk of failure)
Confirm with . or Enter, or press ? or * to list all spells.
Aiming: Sandblast (safe; 1% risk of failure)
Press: ? - help, Shift-Dir - straight line, f - orc sorcerer
Aim: an orc sorcerer, wielding a +0 dagger and wearing a +0 robe of fire resistance (moderately wounded, very poisoned, 82% to hit)
The blast of sand hits the orc sorcerer!
The orc sorcerer is almost dead.
Vehumet accepts your kill.
You feel a bit more experienced.
The orc sorcerer hits you with a +0 dagger.
An orc warrior comes into view. It is wielding a +0 long sword.
The orc sorcerer casts a spell at you. The bolt of negative energy hits you!
You feel drained.
The orc warrior is engulfed in poison gas.
The orc warrior is poisoned.
Casting: Sandblast (safe; 1% risk of failure)
Confirm with . or Enter, or press ? or * to list all spells.
Aiming: Sandblast (safe; 1% risk of failure)
Press: ? - help, Shift-Dir - straight line, f/p - orc sorcerer
Aim: an orc sorcerer, wielding a +0 dagger and wearing a +0 robe of fire resistance (almost dead, very poisoned, 82% to hit)
The blast of sand hits the orc sorcerer.
The orc sorcerer is almost dead.
The orc warrior shouts!
The orc sorcerer casts a spell at you. The bolt of fire hits you!!
Ouch! That really hurt!
You die...

▓▓▓ ##.##############$##$§#
##..#___#___#__#_§☼§☼☼§§
.#..#...#__)#._#.§§§§§☼§
.#..###)#†###)##$§§§§o☼☼
'#..#..........#$§§☼°§
#...'.⌠........#o§§§
#...#...######'#o§#
....#.⌠.#__#...#@################
....#...#__#...#....#.#.#.....#..
....#)###__#..)##.#).#.##.###)#^.
....#...#__#...'##.#.#.##)#..##..
....#___#__'...#.).#..#..##..'...
▓▓▓▓▓▓▓▓▓▓▓▓▓▓▓▓▓▓▓▓▓▓▓▓▓▓▓▓▓#^..
~~~........~~~...#.^.
♣≈≈≈≈≈≈≈≈≈≈≈≈♣♣P.'^..
♣♣♣♣♣♣♣♣♣♣♣♣♣♣♣P.#^..


You could see an orc sorcerer (very poisoned) and 2 orc warriors.

Vanquished Creatures
  Erolcha (D)
  A deep elf pyromancer (D)
  3 wandering mushrooms (D)
  A shadow (D)
  2 redbacks (D)
  A spatial vortex (D)
  5 two-headed ogres (D)
  A necrophage (D)
  A water elemental (D)
  A scorpion (D)
  A jelly (D)
  3 orc priests (D)
  A wizard (D)
  A necromancer (D)
  2 orc wizards (D)
  3 humans (D)
  A kobold demonologist (D)
  7 orcs (D)
  A kobold (D)
  4 rats (D)
41 creatures vanquished.

Vanquished Creatures (others)
  A plant (D)
1 creature vanquished.

Grand Total: 42 creatures vanquished

Notes
Turn   | Place    | Note
-------+----------+-------------------------------------------
     0 | D        | mhtbhm the Deep Elf Earth Elementalist began the quest for
                  | the Orb.
     0 | D        | Reached XP level 1. HP: 10/10 MP: 6/6
    83 | D        | Noticed a scorpion
    89 | D        | Killed a scorpion
    90 | D        | Reached skill level 5 in Spellcasting
    90 | D        | Reached XP level 2. HP: 4/15 MP: 1/10
    90 | D        | Reached XP level 3. HP: 5/19 MP: 1/12
   320 | D        | Learned a level 2 spell: Passwall
   324 | D        | Learned a level 3 spell: Stone Arrow
   330 | D        | Reached skill level 6 in Spellcasting
   330 | D        | Reached XP level 4. HP: 24/24 MP: 8/14
   347 | D        | Gained mutation: Your spells are a little harder to cast,
                  | but a little more powerful. [potion of mutation]
   347 | D        | Gained mutation: You have a pair of small horns on your
                  | head. [potion of mutation]
   374 | D        | Learned a level 4 spell: Petrify
   375 | D        | Noticed a water elemental
   401 | D        | Killed a water elemental
   402 | D        | Reached skill level 7 in Spellcasting
   402 | D        | Reached XP level 5. HP: 28/28 MP: 9/17
   457 | D        | Found a radiant altar of Vehumet.
   457 | D        | Found a shimmering blue altar of Sif Muna.
   457 | D        | Found an ancient bone altar of Kikubaaqudgha.
   459 | D        | Reached skill level 8 in Spellcasting
   462 | D        | Reached skill level 1 in Conjurations
   471 | D        | Became a worshipper of Vehumet
   500 | D        | Found a basalt altar of Yredelemnul.
   500 | D        | Found a shadowy altar of Dithmenos.
   500 | D        | Found a sacrificial altar of Ru.
   503 | D        | Reached skill level 9 in Spellcasting
   503 | D        | Reached skill level 10 in Earth Magic
   504 | D        | Reached XP level 6. HP: 32/32 MP: 15/20
   536 | D        | Found a glowing silver altar of Zin.
   536 | D        | Found a glowing golden altar of the Shining One.
   536 | D        | Found a white marble altar of Elyvilon.
   536 | D        | Noticed a deep elf pyromancer
   539 | D        | Killed a deep elf pyromancer
   539 | D        | Reached * piety under Vehumet
   539 | D        | Offered knowledge of Shock by Vehumet.
   540 | D        | Reached skill level 5 in Dodging
   540 | D        | Reached skill level 5 in Stealth
   540 | D        | Reached skill level 13 in Spellcasting
   540 | D        | Reached XP level 7. HP: 28/36 MP: 13/25
   605 | D        | Found a hide-covered altar of Uskayaw.
   605 | D        | Found an iron altar of Okawaru.
   605 | D        | Found a bloodstained altar of Trog.
   605 | D        | Found an ornate altar of the Wu Jian Council.
   605 | D        | Noticed a human
   605 | D        | Noticed a human
   610 | D        | Killed a human
   613 | D        | Killed a human
   614 | D        | Reached skill level 14 in Spellcasting
   766 | D        | Noticed a shadow
   768 | D        | Killed a shadow
   768 | D        | Reached ** piety under Vehumet
   768 | D        | Offered knowledge of Scorch by Vehumet.
   769 | D        | Reached XP level 8. HP: 41/41 MP: 26/28
   773 | D        | Learned a level 2 spell: Scorch
   794 | D        | Found a blossoming altar of Fedhas.
   794 | D        | Found a stormy altar of Qazlal.
   794 | D        | Found a snail-covered altar of Cheibriados.
   794 | D        | Found a burning altar of Makhleb.
   794 | D        | Found a shimmering altar of Xom.
   795 | D        | Found a hazy altar of Hepliaklqana.
   795 | D        | Found an opulent altar of Gozag.
   795 | D        | Found a sparkling altar of Nemelex Xobeh.
   795 | D        | Found a corrupted altar of Lugonu.
   795 | D        | Found a viscous altar of Jiyva.
   800 | D        | Reached skill level 15 in Spellcasting
   827 | D        | Offered knowledge of Poisonous Vapours by Vehumet.
   831 | D        | Reached *** piety under Vehumet
  1046 | D        | Noticed a two-headed ogre
  1049 | D        | Killed a two-headed ogre
  1049 | D        | Offered knowledge of Fulminant Prism by Vehumet.
  1050 | D        | Reached skill level 16 in Spellcasting
  1074 | D        | Noticed Erolcha
  1074 | D        | Noticed a two-headed ogre
  1080 | D        | Killed Erolcha
  1081 | D        | Reached skill level 17 in Spellcasting
  1081 | D        | Reached skill level 15 in Earth Magic
  1081 | D        | Reached XP level 9. HP: 31/46 MP: 24/32
  1090 | D        | Reached **** piety under Vehumet
  1093 | D        | Killed a two-headed ogre
  1094 | D        | Reached skill level 18 in Spellcasting
  1189 | D        | Noticed a wandering mushroom
  1194 | D        | Noticed a wandering mushroom
  1198 | D        | Killed a wandering mushroom
  1199 | D        | Noticed a wandering mushroom
  1206 | D        | Killed a wandering mushroom
  1207 | D        | Reached skill level 5 in Conjurations
  1212 | D        | Killed a wandering mushroom
  1212 | D        | Offered knowledge of Yara's Violent Unravelling by Vehumet.
  1212 | D        | Reached ***** piety under Vehumet
  1213 | D        | Reached skill level 19 in Spellcasting
  1343 | D        | Found Buamorui's Book Shop.
  1343 | D        | Noticed an orc sorcerer
  1344 | D        | Offered knowledge of Freezing Cloud by Vehumet.
  1349 | D        | Killed from afar by an orc sorcerer

Illustrated notes

Levels and vault maps discovered:
D:        dungeon_sprint_mu [sprint_mu_entry_cave, sprint_mu_temple_rooms,
          sprint_mu_d1_spiders, sprint_mu_d2_genie, sprint_mu_d3_branching,
          sprint_mu_orc_legion, sprint_mu_elf_gauntlet, sprint_mu_hive_nellie,
          sprint_mu_lair_fedhas, sprint_mu_vaults_butterflies,
          sprint_mu_slime_circle, sprint_mu_swamp_cave, sprint_mu_shoals_archi,
          sprint_mu_blade_basic, sprint_mu_crypt_chambers,
          sprint_mu_tomb_spiral, sprint_mu_vestibule_basic,
          sprint_mu_gehenna_hellfire, sprint_mu_dis_giant,
          sprint_mu_tartarus_statrot, sprint_mu_cocytus_islands, sprint_mu_zot1]

Skill      XL: |  1  2  3  4  5  6  7  8  9 |
---------------+----------------------------+-----
Earth Magic    | 7 8 10 12 13 15 16 | 16.9
Dodging        | 3 4 5 6 |  6.4
Stealth        | 3 4 5 |  5.6
Spellcasting   | 5 6 7 9 13 14 17 19 | 19.4
Conjurations   | 1 2 4 5 |  5.3
Fighting       | |  0.7
Transmutations | |  1.4
Evocations     | |  0.9

Action                   |  1- 3 |  4- 6 |  7- 9 || total
-------------------------+-------+-------+-------++-------
Melee: Unarmed           |       |       |     1 ||     1
 Cast: Sandblast         |    11 |    11 |    36 ||    58
       Stone Arrow       |     1 |     3 |    21 ||    25
Evoke: Condenser vane    |       |       |     2 ||     2
  Use: Potion            |     1 |     1 |       ||     2
       Scroll            |       |       |     1 ||     1
Armor: Robe              |       |       |     1 ||     1
Dodge: Dodged            |     3 |     4 |    13 ||    20

Table legend: (Time is in decaauts)
 A = Elapsed time spent in this place.
 B = Non-inter-level travel time spent in this place.
 C = Inter-level travel time spent in this place.
 D = Time resting spent in this place.
 E = Time spent auto-exploring this place.
 F = Levels seen in this place.
 G = Mean time per level.
                   A        B        C        D        E       F      G
               +--------+--------+--------+--------+--------+-----+--------+
         Total |   1381 |   1381 |      0 |    944 |     79 |   1 | 1381.0 |
       Dungeon |   1381 |   1381 |      0 |    944 |     79 |   1 | 1381.0 |
               +--------+--------+--------+--------+--------+-----+--------+

Top non-repeatable levels by time:
       D: 1381 daAuts
